 Dungeon Crawl Stone Soup version 0.24-a0-584-g9d6b971ae4 (webtiles) character file.

Game seed: 14674787422338291009, levelgen mode: deterministic

74 Arang the Skirmisher (level 4, -5/36 HPs)
             Began as a Demonspawn Fighter on Sept 5, 2019.
             Slain by a sky beast (6 damage)
             ... on level 3 of the Dungeon.
             The game lasted 00:02:27 (2081 turns).

Arang the Skirmisher (Demonspawn Fighter)           Turns: 2081, Time: 00:02:28

Health: -5/36      AC: 15    Str: 18    XL:     4   Next: 10%
Magic:  4/4        EV:  7    Int:  9    God:
Gold:   156        SH:  8    Dex: 12    Spells: 3/3 levels left

rFire    . . .     SeeInvis .   a - +0 war axe
rCold    . . .     Gourm    .   c - +0 shield
rNeg     . . .     Faith    .   b - +0 scale mail
rPois    .         Spirit   .   i - +0 helmet
rElec    .         Reflect  .   (no cloak)
rCorr    .         Harm     .   o - +0 pair of gloves
MR       .....                  (no boots)
Stlth    ..........             (no amulet)
HPRegen  0.12/turn              (no ring)
MPRegen  0.09/turn              (no ring)

@: sanguine armour
A: spiny 1, sanguine armour 1
a: no special abilities


You were on level 3 of the Dungeon.
You were not hungry.

You visited 1 branch of the dungeon, and saw 3 of its levels.

You collected 156 gold pieces.

Inventory:

Hand Weapons
 a - a +0 war axe (weapon)
 n - a +3 dagger
Armour
 b - a +0 scale mail (worn)
 c - a +0 shield (worn)
 i - a +0 helmet (worn)
 o - a +0 pair of gloves (worn)
Scrolls
 e - a scroll of noise {unknown}
 g - 2 scrolls of remove curse {unknown}
 j - a scroll of amnesia {unknown}
 l - 4 scrolls of identify {unknown}
 p - a scroll of fear {unknown}
 q - a scroll of teleportation {unknown}
 r - a scroll of enchant armour {unknown}
Potions
 d - a potion of might
 h - a potion of invisibility {unknown}
 k - a potion of flight {unknown}
 m - a potion of curing {unknown}
Comestibles
 f - 4 rations
 s - 2 chunks of flesh


   Skills:
 + Level 3.6 Fighting
 + Level 2.8 Axes
 + Level 3.3 Armour
 - Level 0.3 Dodging
 - Level 2.6 Shields


You had 3 spell levels left.
You didn't know any spells.
Your spell library was empty.

Dungeon Overview and Level Annotations

Branches:
Dungeon (3/15)

Altars:


Innate Abilities, Weirdness & Mutations

You are partially covered in sharp spines.
When seriously injured, your bleeding wounds create armour. (AC +6)


Message History

You closely miss something. You block something's attack.
You barely miss something. Something hits you but does no damage.
You miss something. Something hits you but does no damage. Something hits you.
Something shocks you.
You miss something. Something hits you but does no damage.
You miss something.
Something hits you but does no damage. x2
You miss something. Something hits you but does no damage.
You closely miss something. Something hits you. Something shocks you.
* * * LOW HITPOINT WARNING * * *
You block something's attack.
You closely miss something. Something hits you.
* * * LOW HITPOINT WARNING * * *
Something shocks you.
* * * LOW HITPOINT WARNING * * *
You slash something! You block something's attack.
Something hits you but does no damage.
You miss something. Something hits you.
* * * LOW HITPOINT WARNING * * *
Something shocks you.
You die...

.##.....######.#.#
.##.....######.#.#
.##.####.......#.#
.##.#
#.#.....#.######+###
..#..
.#.#...............
..### ##
##+#.###........
..### #............
....#
#..#######........
##..#
....$.{@..........
##..#
....########......
##..###### .##...
.#.......# .# ##
.#.#####.# . .....#
# ...#.# ##.#.# ..#
#


There were no monsters in sight!

Vanquished Creatures
  An adder (D:2)
  3 worms (D:2)
  4 dart slugs
  2 leopard geckos (D:1)
  5 giant cockroaches
  7 goblins
  5 hobgoblins
  A quokka (D:2)
  3 bats
  A frilled lizard (D:1)
  7 kobolds
  5 rats
44 creatures vanquished.

Notes
Turn   | Place    | Note
-------+----------+-------------------------------------------
     0 | D:1      | Arang the Demonspawn Fighter began the quest for the Orb.
     0 | D:1      | Reached XP level 1. HP: 18/18 MP: 1/1
     2 | D:1      | Noticed a vampire
     2 | D:1      | Noticed a demigod
     4 | D:1      | Noticed a dwarf
     6 | D:1      | Noticed a troll
     6 | D:1      | Noticed a halfling
     8 | D:1      | Noticed a draconian
     8 | D:1      | Noticed a merfolk
    10 | D:1      | Noticed a spriggan
    12 | D:1      | Noticed an elf
    14 | D:1      | Noticed a tengu
    14 | D:1      | Noticed a demonspawn
    16 | D:1      | Noticed a human
    16 | D:1      | Noticed a formicid
    18 | D:1      | Noticed an octopode
    18 | D:1      | Noticed a centaur
    20 | D:1      | Noticed a naga
    20 | D:1      | Noticed a gargoyle
    22 | D:1      | Noticed a vine stalker
    24 | D:1      | Noticed a felid
    24 | D:1      | Noticed an ogre
    26 | D:1      | Noticed a ghoul
    26 | D:1      | Noticed a minotaur
   277 | D:1      | Gained mutation: You are partially covered in sharp spines.
                  | [demonic ancestry]
   277 | D:1      | Reached XP level 2. HP: 22/24 MP: 2/2
   758 | D:1      | Gained mutation: When seriously injured, your bleeding
                  | wounds create armour. (AC +6) [demonic ancestry]
   758 | D:1      | Reached XP level 3. HP: 27/29 MP: 3/3
  1764 | D:2      | Reached XP level 4. HP: 30/36 MP: 4/4
  2063 | D:3      | Noticed a sky beast
  2079 | D:3      | HP: 1/36 [something (6)]
  2081 | D:3      | Slain by a sky beast

Levels and vault maps discovered:
D:1:      kb_arrival_jail, layout_basic
D:2:      layout_rooms, serial_co_window_serial, co_window_of_opportunity_a,
          co_window_of_opportunity_a, co_window_paths_b,
          co_window_of_opportunity_a, co_window_paths_a, co_window_paths_a,
          co_window_paths_b, co_window_paths_a, co_window_corner_a,
          co_window_2corner, co_window_broadway_c, co_window_corner_b,
          co_window_cross_4, co_window_broadway_a, co_window_2corner,
          glass_columns_b, glass_columns_c, glass_columns_b, glass_columns_b,
          glass_columns_b
D:3:      layout_basic

Skill      XL: |  1  2 |
---------------+-------+-----
Armour         | 3 |  3.3
Axes           | 2 |  2.8
Fighting       | |  3.6
Dodging        | |  0.3
Shields        | |  2.6

Action                   |  1- 3 |  4- 6 || total
-------------------------+-------+-------++-------
Melee: War axe           |   119 |    30 ||   149
  Eat: Chunk             |     3 |     1 ||     4
Armor: Scale mail        |    56 |    17 ||    73
Dodge: Dodged            |    25 |     2 ||    27
Block: Shield            |    57 |    11 ||    68

Table legend:
 A = Non-vault XP
 B = Vault XP
 C = Vault XP percentage of total XP
 D = Non-vault monster count
 E = Vault monster count
 F = Vault count percentage of total count
                 A         B        C        D         E       F
            +---------+---------+-------+---------+---------+-------
      Total |     107 |       0 |   0.0 |      44 |       0 |   0.0
            +---------+---------+-------+---------+---------+-------
        D:1 |      46 |       0 |   0.0 |      23 |       0 |   0.0
        D:2 |      55 |       0 |   0.0 |      18 |       0 |   0.0
        D:3 |       6 |       0 |   0.0 |       3 |       0 |   0.0
            +---------+---------+-------+---------+---------+-------
